 Dungeon Crawl Stone Soup version 0.30-a0-949-g53dc5368d7 (webtiles) character file.

Game seed: 14739414953415983827

17068 BigDaddyOpFi the Protected (level 12, -1/112 HPs)
             Began as an Armataur Fighter on Mar 27, 2023.
             Was an Elder of Wu Jian.
             Slain by a dire elephant (24 damage)
             ... on level 2 of the Lair of Beasts.
             The game lasted 00:22:09 (16473 turns).

BigDaddyOpFi the Protected (Armataur Fighter)      Turns: 16473, Time: 00:22:10

Health: -1/112     AC: 25    Str: 25      XL:     12   Next: 15%
Magic:  12/12      EV:  6    Int: 20 (21) God:    Wu Jian [****..]
Gold:   976        SH: 16    Dex: 11      Spells: 11/11 levels left

rFire   + + .      SeeInvis +    R - +7 long sword of Exquisite Torment {heavy, rCorr Int+5}
rCold   + + .      Faith    .    D - +0 tower shield
rNeg    . . .      Spirit   .    G - +1 plate armour {rC+}
rPois   +          Reflect  .    f - +0 helmet
rElec   +          Roll     +    F - scarf {harm}
rCorr   +          Harm     + .  d - +2 pair of gloves
Will    +....                    l - +0 barding Stlth
                                 (no amulet)
HPRegen 0.38/turn                p - ring of Yffetug {rF+ Str+3 Int+4 SInv}
MPRegen 0.13/turn                y - +5 ring of evasion

@: resistant
A: large, rugged brown scales 3, deformed body, armoured tail, roll, long
tongue, awkward tongue, clever 1, strong-willed 1, weak 1, wild magic 1
a: Renounce Religion, Wall Jump, Serpent's Lash


You were on level 2 of the Lair of Beasts.
You worshipped Wu Jian.
Wu Jian was greatly pleased with you.
You visited 3 branches of the dungeon, and saw 15 of its levels.
You visited 1 bazaar.
You also visited: Ossuary.

You collected 1184 gold pieces.
You spent 208 gold pieces at shops.

Inventory:

Hand Weapons
 a - a +1 war axe
 n - a +2 hand axe of flaming
 x - a +1 broad axe of flaming
 O - the +2 mace "Mogry" {speed, rN+}
   (You bought it in a shop in a bazaar)

   rN:        It protects you from negative energy.
 R - the +7 long sword of Exquisite Torment (weapon) {heavy, rCorr Int+5}
   (You found it on level 1 of the Lair of Beasts)

   Int:       It affects your intelligence (+5).
   rCorr:     It protects you from acid and corrosion.
Armour
 c - a +1 buckler
 d - a +2 pair of gloves (worn)
 f - a +0 helmet (worn)
 l - a +0 barding (worn)
 s - a +0 cloak
 D - a +0 tower shield (worn)
 F - a scarf of harm (worn)
 G - a +1 plate armour of cold resistance (worn)
Jewellery
 m - a ring of poison resistance
 o - a +6 ring of dexterity
 p - the ring of Yffetug (left hand) {rF+ Str+3 Int+4 SInv}
   (You acquired it on level 4 of the Dungeon)

   [ring of protection from fire]

   Str:       It affects your strength (+3).
   Int:       It affects your intelligence (+4).
   rF:        It protects you from fire.
   SInv:      It lets you see invisible.
 y - a +5 ring of evasion (right hand)
 A - an amulet of guardian spirit
 C - a ring of willpower
 E - a ring of fire
Wands
 g - a wand of charming (27)
 q - a wand of polymorph (5)
 P - a wand of flame (11)
Scrolls
 i - 4 scrolls of teleportation
 j - a scroll of noise
 v - 2 scrolls of fog
 z - 3 scrolls of magic mapping
 J - a scroll of summoning
 L - a scroll of silence
 M - 2 scrolls of immolation
Potions
 b - 5 potions of curing
 e - 7 potions of attraction
 h - 3 potions of flight
 r - 2 potions of cancellation
 t - 5 potions of brilliance
 u - a potion of magic
 w - a potion of degeneration
 B - 2 potions of lignification
 H - 2 potions of might
 I - 2 potions of haste
 K - a potion of invisibility
 T - a potion of berserk rage {unknown}


   Skills:
 + Level 9.6 Fighting
 * Level 4.6 Long Blades
 - Level 8.0 Axes
 + Level 12.3 Armour
 + Level 11.4 Shields


You had 11 spell levels left.
You didn't know any spells.
Your spell library contained the following spells:

 Spells                   Type           Power      Damage    Failure   Level
 Summon Small Mammal      Summ           0%         N/A       100%        1
 Blink                    Tloc           0%         N/A       100%        2
 Lesser Beckoning         Tloc           0%         N/A       100%        2
 Momentum Strike          Conj/Tloc      0%         3d8       100%        2
 Call Canine Familiar     Summ           0%         N/A       100%        3
 Gell's Gravitas          Tloc           0%         N/A       100%        3
 Summon Guardian Golem    Hex/Summ       0%         N/A       100%        3
 Teleport Other           Tloc           0%         N/A       100%        3
 Airstrike                Air            0%         2d(0-16)  100%        4
 Summon Lightning Spire   Summ/Air       0%         N/A       100%        4
 Plasma Beam              Fire/Air       0%         2x1d11    100%        5
 Dispersal                Tloc           0%         N/A       100%        6


Dungeon Overview and Level Annotations

Branches:
Dungeon (12/15)            Temple (1/1) D:5            Lair (2/5) D:8
    Orc (0/2) D:11        Ossuary (visited)
  Swamp: Lair:2-3    Shoals: Lair:2-3     Snake: Lair:2-3    Spider: Lair:2-3

Altars:
Cheibriados
Dithmenos
Elyvilon
Fedhas
Gozag
Hepliaklqana
Kikubaaqudgha
Makhleb
Nemelex Xobeh
Qazlal
Ru
Trog
Uskayaw
Wu Jian
Xom
Yredelemnul
The Shining One


Innate Abilities, Weirdness & Mutations

You are completely covered in rugged brown scales. (AC +3, +7% HP)
Armour fits poorly on your strangely shaped body.
You have a long armoured tail.
You roll when moving toward enemies. (Rampage)
Your long tongue fully drains potion bottles. (2x potion effects)
Your tongue gives you trouble enunciating. (1.5x scroll delay)
Your mind is acute. (Int +4, Str/Dex -1)
You are strong-willed. (Will+)
You are weak. (Str -2)
Your spells are a little harder to cast, but a little more powerful.


Message History

You tail-slap the dire elephant, but do no damage.
The dire elephant is moderately wounded.
You block the dire elephant's attack. The dire elephant barely misses you.
The dire elephant tramples you.
You hold your ground!
The dire elephant trunk-slaps you!
You hit the dire elephant but do no damage.
The dire elephant is moderately wounded.
You block the dire elephant's attack. x3
The dire elephant trunk-slaps you but does no damage.
You slash the dire elephant!
The dire elephant is heavily wounded.
You block the dire elephant's attack. The dire elephant trunk-slaps you.
You block the dire elephant's attack. x2
You slice the dire elephant!!
The dire elephant is heavily wounded.
You block the dire elephant's attack. The dire elephant closely misses you.
You hit the dire elephant.
The dire elephant is severely wounded.
The dire elephant tramples you but does no damage.
The dire elephant trunk-slaps you but does no damage.
The dire elephant tramples you!!
* * * LOW HITPOINT WARNING * * *
You stumble backwards!
You slash the dire elephant!
The dire elephant is severely wounded.
You block the dire elephant's attack. x3; The dire elephant barely misses you.
You feel protected.
You slurp down every last drop of the potion of resistance!
The dire elephant tramples you but does no damage.
You block the dire elephant's attack.
You slash the dire elephant! You tail-slap the dire elephant.
The dire elephant is almost dead.
The dire elephant barely misses you. The dire elephant closely misses you.
You block the dire elephant's attack. x2
You barely miss the dire elephant.
The dire elephant is almost dead.
You block the dire elephant's attack.
The dire elephant trunk-slaps you but does no damage.
The dire elephant tramples you!!
You die...

..# # .## .# ..## #.#.⌠.
...##..#...... .....# ....#..
.....##.....# .......#...#
...#..#.....#######
#.⌠.#..#.##..##.@.##
....[........#..Y..###......####.
⌠.<..'...⌠...+..<.⌠#.....[.. #...
.....#.............##......## ...
#.⌠..#.#####.#..(..##......P# #.
.######.....###(###.#.......####.
#####.#.#'###...##..#......P#P.#.
.#..##.......#..###.##...........
.....#.#.....#..P..+.#...(.......


You could see a dire elephant.

Vanquished Creatures
  Harold (D:9)
  A two-headed ogre (D:12)
  A deep elf pyromancer (D:9)
  Pikel (D:9)
  An elephant (Lair:2)
  A black mamba (Lair:2)
  5 cane toads
  An unseen horror (D:12)
  3 komodo dragons
  2 trolls (D:11)
  3 blink frogs (Lair:1)
  A vampire (D:12)
  A shadow (D:12)
  Sigmund (D:6)
  A wraith (D:9)
  4 basilisks
  4 wyverns
  9 yaks
  Grum (Lair:1)
  5 vampire mosquitoes (D:10)
  2 steam dragons
  Menkaure (D:4)
  9 water moccasins
  Duvessa (D:4)
  5 orc warriors
  2 ice beasts
  5 black bears
  3 ogres
  9 wolves (Lair:1)
  3 centaurs
  2 lemures (D:9)
  A kobold brigand (D:7)
  7 bullfrogs
  2 gnoll sergeants
  10 scorpions
  Dowan (D:4)
  15 killer bees
  3 hounds
  Crazy Yiuf (D:4)
  9 orc priests
  A jelly (D:5)
  7 iguanas
  A sleepcap (D:6)
  12 orc wizards
  8 mummies (Ossuary)
  Robin (D:4)
  20 gnolls
  9 adders
  4 worms
  47 orcs
  9 endoplasms
  2 giant cockroaches
  18 goblins
  7 hobgoblins
  9 jackals
  16 kobolds
  5 quokkas
  7 ball pythons
  9 bats
  2 frilled lizards
  A gnoll zombie (Ossuary)
  4 hobgoblin zombies (Ossuary)
  A kobold zombie (Ossuary)
  2 orc zombies (Ossuary)
  5 rats
  A bush (Lair:1)
346 creatures vanquished.

Vanquished Creatures (others)
  6 fungi (D:8)
  2 plants
8 creatures vanquished.

Grand Total: 354 creatures vanquished

Notes
Turn   | Place    | Note
-------+----------+-------------------------------------------
     0 | D:1      | BigDaddyOpFi the Armataur Fighter began the quest for the
                  | Orb.
     0 | D:1      | Reached XP level 1. HP: 19/19 MP: 1/1
    13 | D:1      | Found a faded altar of an unknown god.
   164 | D:1      | Reached XP level 2. HP: 26/26 MP: 2/2
   285 | D:1      | Reached skill level 4 in Armour
   365 | D:1      | Reached XP level 3. HP: 22/33 MP: 3/3
   849 | D:2      | Found a shimmering altar of Xom.
   876 | D:2      | Reached XP level 4. HP: 40/40 MP: 4/4
  1081 | D:2      | You fall into a shaft and drop 1 floor!
  1407 | D:3      | Reached XP level 5. HP: 48/48 MP: 5/5
  2341 | D:4      | Found a sand-covered staircase.
  2350 | Ossuary  | Entered an ossuary
  2725 | Ossuary  | Reached skill level 5 in Armour
  2742 | Ossuary  | Reached XP level 6. HP: 44/55 MP: 6/6
  2915 | D:4      | Identified a scroll of acquirement
  2915 | D:4      | Acquired the ring of Yffetug {rF+ Str+3 Int+4 SInv}
  2942 | D:4      | Noticed an ice beast
  2955 | D:4      | Killed an ice beast
  2967 | D:4      | Noticed Dowan
  2968 | D:4      | Noticed Duvessa
  2977 | D:4      | Reached skill level 5 in Shields
  2979 | D:4      | Killed Duvessa
  2979 | D:4      | Killed Dowan
  2980 | D:4      | Reached XP level 7. HP: 52/64 MP: 7/7
  3123 | D:4      | Found a runed translucent door.
  3124 | D:4      | Noticed Crazy Yiuf
  3316 | D:4      | Noticed Menkaure
  3326 | D:4      | Killed Menkaure
  3327 | D:4      | Reached skill level 6 in Armour
  3826 | D:4      | Noticed Robin
  3837 | D:4      | Killed Robin
  4025 | D:4      | Killed Crazy Yiuf
  4086 | D:5      | Entered Level 5 of the Dungeon
  4203 | D:5      | Found a burning altar of Makhleb.
  4450 | D:5      | Identified the +0 ring mail of Vegude {Will- Regen+ Int+3}
  4598 | D:5      | Found a staircase to the Ecumenical Temple.
  4601 | D:5      | Reached skill level 5 in Fighting
  4608 | Temple   | Entered the Ecumenical Temple
  4645 | Temple   | Became a worshipper of the Wu Jian Council
  4686 | D:5      | Reached XP level 8. HP: 62/72 MP: 8/8
  4860 | D:5      | Found a glowing golden altar of the Shining One.
  5106 | D:5      | Found an ancient bone altar of Kikubaaqudgha.
  5113 | D:5      | Found a blossoming altar of Fedhas.
  5270 | D:5      | Reached skill level 7 in Armour
  5531 | D:6      | Noticed Sigmund
  5544 | D:6      | Killed Sigmund
  5734 | D:6      | Reached skill level 5 in Axes
  5743 | D:6      | Reached * piety under Wu Jian
  5922 | D:6      | Reached XP level 9. HP: 56/80 MP: 9/9
  6096 | D:6      | Reached skill level 8 in Armour
  6226 | D:7      | Gained mutation: You are strong-willed. (Will+) [potion of
                  | mutation]
  6226 | D:7      | Gained mutation: You are weak. (Str -2) [potion of
                  | mutation]
  6226 | D:7      | Gained mutation: Your mind is acute. (Int +4, Str/Dex -1)
                  | [potion of mutation]
  6226 | D:7      | Gained mutation: Your spells are a little harder to cast,
                  | but a little more powerful. [potion of mutation]
  6247 | D:7      | HP: 4/83 [poisoned by a killer bee]
  6252 | D:7      | HP: 4/124 [poisoned by a killer bee]
  7295 | D:7      | Found an opulent altar of Gozag.
  7370 | D:7      | Reached skill level 9 in Armour
  7552 | D:7      | Reached ** piety under Wu Jian
  7924 | D:7      | Reached XP level 10. HP: 74/92 MP: 10/10
  8182 | D:8      | Found a stormy altar of Qazlal.
  8258 | D:8      | Found a staircase to the Lair.
  8381 | D:8      | Reached skill level 10 in Armour
  8836 | D:9      | Noticed Pikel
  8849 | D:9      | Killed Pikel
  9220 | D:9      | Noticed a deep elf pyromancer
  9223 | D:9      | Killed a deep elf pyromancer
  9323 | D:9      | Reached *** piety under Wu Jian
  9404 | D:9      | Noticed Harold
  9418 | D:9      | Killed Harold
 10020 | D:9      | Reached XP level 11. HP: 101/101 MP: 11/11
 10111 | D:9      | Reached skill level 10 in Shields
 10286 | D:10     | Entered Level 10 of the Dungeon
 11244 | D:10     | Reached skill level 11 in Armour
 12321 | D:11     | Found a shimmering altar of Xom.
 12766 | D:11     | Found a staircase to the Orcish Mines.
 12897 | D:12     | Noticed a two-headed ogre
 12904 | D:12     | Killed a two-headed ogre
 12920 | D:12     | Found a flickering gateway to a bazaar.
 12930 | Bazaar   | Entered a bazaar
 12954 | Bazaar   | Found Jiuchest's Antique Weapon Shop.
 12988 | Bazaar   | Found Yhuuz's Antique Weapon Shop.
 12988 | Bazaar   | Found Uteyrhalo's Antique Armour Boutique.
 13018 | Bazaar   | Found Ziyzi's Assorted Antiques.
 13043 | Bazaar   | Bought a transparent mace for 208 gold pieces
 13043 | Bazaar   | Identified the +2 mace "Mogry" {speed, rN+} (You bought it
                  | in a shop in a bazaar)
 13238 | Lair:1   | Entered Level 1 of the Lair of Beasts
 13238 | Lair:1   | Noticed Grum
 13252 | Lair:1   | Killed Grum
 13274 | Lair:1   | Identified the +7 long sword of Exquisite Torment {heavy,
                  | rCorr Int+5}
 13464 | Lair:1   | Reached skill level 1 in Long Blades
 13921 | Lair:1   | Reached **** piety under Wu Jian
 14271 | Lair:1   | Reached skill level 12 in Armour
 15701 | Lair:2   | Reached XP level 12. HP: 94/112 MP: 12/12
 15974 | Lair:2   | Noticed a dire elephant
 16473 | Lair:2   | Slain by a dire elephant

Illustrated notes

Levels and vault maps discovered:
D:1:      psy_arrival_whirlpool, layout_rooms, chequers_ecumenical_altar_simple,
          chequers_avenue
D:2:      layout_loops_ring, basic_altar, serial_forest,
          infiniplex_forest_lined_2, infiniplex_forest_clump_long,
          infiniplex_forest_join, infiniplex_forest_straight_2,
          infiniplex_forest_lined_1, infiniplex_forest_lined_room_2,
          infiniplex_forest_clump_double, infiniplex_forest_straight_2,
          infiniplex_forest_lined_corner, infiniplex_forest_corner_1
D:3:      layout_loops_ring, feat_on_display
D:4:      layout_basic, chequers_ossuary_entry_cave, uniq_crazy_yiuf_cottage,
          uniq_robin, uniq_menkaure, uniq_duvessa
D:5:      layout_layer_cave, grunt_temple_overflow_growth_and_decay,
          lemuel_tele_altar, mainiacjoe_overflow_alcove_2,
          minmay_temple_entry_junction
D:6:      layout_rooms, uniq_sigmund
D:7:      layout_loops_ring, kennysheep_mini
D:8:      old_forge, layout_cave_pools, mainiacjoe_overflow_cross_hatched
D:9:      layout_gridville, uniq_pikel, uniq_harold
D:10:     layout_stronghold
D:11:     layout_grid_maze, orc_0_dummy, brannock_xom_greatest_gift
D:12:     layout_basic, gammafunk_ghost_hydra_chop, serial_shops, bzr_entry_road
Temple:   nicolae_temple_superstar
Lair:1:   layout_roguey, uniq_grum
Lair:2:   layout_regular_city, nicolae_lair_lakeside_cave, grunt_megastairs_1

Skill      XL: |  1  2  3  4  5  6  7  8  9 10 11 12 |
---------------+-------------------------------------+-----
Armour         | 4 5 6 7 9 10 12 | 12.3
Fighting       | 3 4 5 6 7 8 9 |  9.6
Axes           | 2 3 4 5 6 7 8 |  8.0
Shields        | 4 5 6 7 8 9 11 | 11.4
Long Blades    | 3 4 |  4.6

Action                     |  1- 3 |  4- 6 |  7- 9 | 10-12 || total
---------------------------+-------+-------+-------+-------++-------
  Melee: War axe           |   100 |   137 |    64 |       ||   301
         Tailslap          |     8 |    13 |    47 |    66 ||   134
         Broad axe         |       |       |   256 |   338 ||   594
         Long sword        |       |       |       |   129 ||   129
  Throw: Throwing net      |       |       |       |     5 ||     5
 Invoke: Serpent's Lash    |       |       |       |     3 ||     3
Ability: Whirlwind         |       |       |     6 |    14 ||    20
    Use: Scroll            |     3 |     8 |     6 |    12 ||    29
         Potion            |       |     7 |    11 |     9 ||    27
 Armour: Scale mail        |    14 |       |       |       ||    14
         Plate armour      |    87 |   107 |   271 |   448 ||   913
         Skin              |       |    11 |    72 |       ||    83
  Dodge: Dodged            |    32 |    13 |   108 |   185 ||   338
  Block: Buckler           |    22 |    25 |   124 |   131 ||   302
         Tower shield      |       |       |       |   285 ||   285

Table legend: (Time is in decaauts)
 A = Elapsed time spent in this place.
 B = Non-inter-level travel time spent in this place.
 C = Inter-level travel time spent in this place.
 D = Time resting spent in this place.
 E = Time spent auto-exploring this place.
 F = Levels seen in this place.
 G = Mean time per level.
                   A        B        C        D        E       F      G
               +--------+--------+--------+--------+--------+-----+--------+
         Total |  16921 |  16483 |    438 |   4499 |   8544 |  17 |  995.4 |
       Dungeon |  12755 |  12341 |    414 |   2754 |   7253 |  12 | 1062.9 |
        Temple |     49 |     37 |     12 |      0 |     26 |   1 |   49.0 |
          Lair |   3377 |   3366 |     11 |   1403 |   1125 |   2 | 1688.5 |
        Bazaar |    163 |    163 |      0 |      0 |      0 |   1 |  163.0 |
       Ossuary |    574 |    574 |      0 |    341 |    140 |   1 |  574.0 |
               +--------+--------+--------+--------+--------+-----+--------+

Top non-repeatable levels by time:
  Lair:1: 2116 daAuts
     D:9: 1947 daAuts
     D:7: 1431 daAuts
     D:5: 1413 daAuts
     D:4: 1347 daAuts
  Lair:2: 1261 daAuts
     D:6: 1203 daAuts
    D:10: 1118 daAuts
    D:11: 1049 daAuts
     D:2: 917 daAuts
     D:8: 845 daAuts
     D:3: 820 daAuts
 Ossuary: 574 daAuts
     D:1: 546 daAuts
  Bazaar: 163 daAuts
